 Dungeon Crawl Stone Soup version 0.29.1-2-gbd0b4ee654 (webtiles) character file.

Game seed: 1065290778534373390

1775 DocClef the Shield-Bearer (level 9, -11/65 HPs)
             Began as a Gnoll Fighter on Oct 20, 2022.
             Was an Initiate of Hepliaklqana.
             Mangled by a death yak (22 damage)
             ... on level 8 of the Dungeon on Oct 26, 2022.
             The game lasted 00:07:35 (7852 turns).

DocClef the Shield-Bearer (Gnoll Fighter)           Turns: 7852, Time: 00:07:37

Health: -11/65     AC: 15    Str: 19    XL:     9   Next: 8%
Magic:  15/15      EV: 11    Int: 12    God:    Hepliaklqana [......]
Gold:   403        SH: 11    Dex: 12    Spells: 16/16 levels left

rFire   + + .      SeeInvis .   y - +0 morningstar (freeze)
rCold   + . .      Faith    .   c - +0 buckler
rNeg    . . .      Spirit   .   b - +0 scale mail
rPois   .          Reflect  +   (no helmet)
rElec   .          Harm     .   r - +1 cloak
rCorr   .          Rampage  .   e - +0 pair of gloves
Will    .....                   B - +0 pair of boots
Stlth   +.........              w - amulet "Voiteik" {Reflect rF++ Int+4 SH+5}
HPRegen 0.20/turn               (no ring)
MPRegen 0.14/turn               (no ring)

@: no status effects
A: fangs 1, strong nose, distributed training, iridescent scales 1, cold
resistance 1, frail 1
a: Renounce Religion


You were on level 8 of the Dungeon.
You worshipped Hepliaklqana.
Hepliaklqana was noncommittal.
You visited 2 branches of the dungeon, and saw 9 of its levels.

You collected 403 gold pieces.

Inventory:

Hand Weapons
 y - a +0 morningstar of freezing (weapon)
 D - a +0 executioner's axe
Armour
 b - a +0 scale mail (worn)
 c - a +0 buckler (worn)
 e - a +0 pair of gloves (worn)
 r - a +1 cloak (worn)
 B - a +0 pair of boots (worn)
Jewellery
 w - the amulet "Voiteik" (around neck) {Reflect rF++ Int+4 SH+5}
   (You found it on level 4 of the Dungeon)

   [amulet of reflection]

   It reflects blocked missile attacks.
   Int:       It affects your intelligence (+4).
   rF:        It greatly protects you from fire.
   SH:        It affects your SH (+5).
Wands
 a - a wand of charming (7)
 F - a wand of roots (17)
Scrolls
 f - a scroll of torment
 m - a scroll of vulnerability
 n - a scroll of brand weapon
 o - 2 scrolls of identify
 p - 2 scrolls of butterflies
 u - 2 scrolls of teleportation {unknown}
 x - 4 scrolls of enchant weapon {unknown}
 z - a scroll of magic mapping {unknown}
 E - 2 scrolls of blinking {unknown}
 G - a scroll of summoning {unknown}
Potions
 d - 2 potions of attraction
 h - a potion of magic
 i - a potion of invisibility
 k - 3 potions of curing
 s - 3 potions of heal wounds
 v - 3 potions of ambrosia
 C - a potion of might


   Skills:
 + Level 7.7 Fighting
 + Level 4.0 Short Blades
 + Level 4.0 Long Blades
 + Level 6.1 Axes
 + Level 4.0 Maces & Flails
 + Level 4.0 Polearms
 + Level 4.0 Staves
 + Level 4.0 Ranged Weapons
 + Level 4.0 Throwing
 + Level 7.7 Armour
 + Level 4.0 Dodging
 + Level 4.0 Stealth
 + Level 7.7 Shields
 + Level 4.0 Unarmed Combat
 + Level 4.0 Spellcasting
 + Level 3.3 Conjurations
 + Level 3.3 Hexes
 + Level 3.3 Summonings
 + Level 3.3 Necromancy
 + Level 3.3 Translocations
 + Level 3.3 Transmutations
 + Level 3.3 Fire Magic
 + Level 3.3 Ice Magic
 + Level 3.3 Air Magic
 + Level 3.3 Earth Magic
 + Level 3.3 Poison Magic
 + Level 4.4 Invocations
 + Level 4.0 Evocations


You had 16 spell levels left.
You didn't know any spells.
Your spell library contained the following spells:

 Spells                   Type           Power      Damage    Failure   Level
 Beastly Appendage        Tmut           20%        N/A       19%         1
 Sublimation of Blood     Necr           10%        N/A       28%         2
 Wereblood                Tmut           10%        N/A       28%         2
 Portal Projectile        Hex/Tloc       20%        N/A       50%         3
 Spider Form              Tmut/Pois      10%        N/A       50%         3
 Tukima's Dance           Hex            10%        N/A       50%         3
 Blade Hands              Tmut           5%         N/A       99%         5
 Summon Hydra             Summ           5%         N/A       100%        7


Dungeon Overview and Level Annotations

Branches:
Dungeon (8/15)             Temple (1/1) D:6
   Lair: D:8-11

Altars:
Cheibriados
Elyvilon
Fedhas
Hepliaklqana
Kikubaaqudgha
Nemelex Xobeh
Qazlal
Ru
Sif Muna
Trog
Uskayaw
Wu Jian
Xom
Zin
The Shining One

Shops:
D:2 [   D:6 ?


Innate Abilities, Weirdness & Mutations

You have very sharp teeth.
Your uncanny sense of smell can sniff out nearby items.
Your experience applies equally to all skills.
You are partially covered in iridescent scales. (AC +2)
Your flesh is cold resistant. (rC+)
You are frail. (-10% HP)


Message History

The orc wizard is almost dead.
The death yak bellows!
You block the orc wizard's attack.
A yak comes into view.
The death yak gores you but does no damage.
The yak bellows!
You hit the orc wizard. You freeze the orc wizard.
You kill the orc wizard!
The death yak gores you!
A yak comes into view. x2
The yak bellows! x2
You hit the death yak. You freeze the death yak.
You bite the death yak, but do no damage.
The death yak is lightly wounded.
You hear a bellow!
The death yak gores you! You block the yak's attack.
A death yak comes into view.
You block the yak's attack. The death yak gores you!
Really read the scroll of poison?
The air fills with toxic fumes!
As you read the scroll of poison, it crumbles to dust.
You hear a distant slurping noise.
As you read the scroll labelled HEMEMIN ISTRU, it crumbles to dust.
The creatures around you are filled with an inner flame!
It was a scroll of immolation.
The death yak is engulfed in poison gas.
The death yak is poisoned.
Flame seeps out of the death yak.
The death yak gores you!!
* * * LOW HITPOINT WARNING * * *
The death yak is engulfed in poison gas.
The death yak is poisoned.
Flame seeps out of the death yak.
The yak gores you but does no damage.
As you read the scroll labelled JONAAR EROSS, it crumbles to dust.
You hear a loud clanging noise!
It was a scroll of noise.
You hear a shout!
You hear a howl!
The death yak is engulfed in poison gas.
The death yak looks even sicker.
Flame seeps out of the death yak.
The death yak gores you!!
You die...

###....##.#
#§.. #§...
####§###§..#
###...§§§§§#
#...###§#§§#
###.#####§§§##
#.<.# #...§§#
...[...###
#.#.#§#
....####
#.#.#@### ... .
..#YYo# <.
#.#.####)§Y§..Y
. ∆ # #.
###Y.§. .. §§.
.


You could see 2 death yaks, 2 yaks and an orc (inner flame).

Vanquished Creatures
  A wyvern (D:5)
  A steam dragon (D:7)
  Menkaure (D:6)
  A water moccasin (D:7)
  An ice beast (D:7)
  A bullfrog (D:7)
  2 scorpions
  9 wights (D:7)
  4 howler monkeys
  2 orc priests
  2 iguanas (D:6)
  3 orc wizards
  6 gnolls (D:4)
  2 adders
  A shadow imp (D:6)
  2 white imps (D:5)
  2 ufetubi
  4 worms
  A dart slug (D:2)
  14 orcs
  8 bats
  A bat zombie (D:3)
  7 endoplasms
  5 giant cockroaches
  6 goblins
  9 hobgoblins
  6 quokkas
  9 ball pythons
  2 frilled lizards
  6 kobolds
  6 rats
  4 rat zombies (D:3)
129 creatures vanquished.

Notes
Turn   | Place    | Note
-------+----------+-------------------------------------------
     0 | D:1      | DocClef the Gnoll Fighter began the quest for the Orb.
     0 | D:1      | Reached XP level 1. HP: 23/23 MP: 1/1
   123 | D:1      | Reached XP level 2. HP: 29/29 MP: 2/2
   521 | D:1      | Found a faded altar of an unknown god.
   524 | D:1      | Reached XP level 3. HP: 35/35 MP: 3/3
   827 | D:2      | Upgraded the game from 0.29.1-1-gd02db6906a to
                  | 0.29.1-2-gbd0b4ee654
   953 | D:2      | Reached skill level 1 in Invocations
  1018 | D:2      | Found Hoyg's Antique Armour Shop.
  1301 | D:2      | Reached skill level 1 in Short Blades
  1301 | D:2      | Reached skill level 1 in Long Blades
  1301 | D:2      | Reached skill level 1 in Maces & Flails
  1301 | D:2      | Reached skill level 1 in Polearms
  1301 | D:2      | Reached skill level 1 in Staves
  1301 | D:2      | Reached skill level 1 in Ranged Weapons
  1301 | D:2      | Reached skill level 1 in Throwing
  1301 | D:2      | Reached skill level 1 in Dodging
  1301 | D:2      | Reached skill level 1 in Stealth
  1301 | D:2      | Reached skill level 1 in Unarmed Combat
  1301 | D:2      | Reached skill level 1 in Spellcasting
  1301 | D:2      | Reached skill level 1 in Evocations
  1393 | D:2      | Reached XP level 4. HP: 41/41 MP: 5/5
  1701 | D:3      | Reached skill level 1 in Conjurations
  1701 | D:3      | Reached skill level 1 in Hexes
  1701 | D:3      | Reached skill level 1 in Summonings
  1701 | D:3      | Reached skill level 1 in Necromancy
  1701 | D:3      | Reached skill level 1 in Translocations
  1701 | D:3      | Reached skill level 1 in Transmutations
  1701 | D:3      | Reached skill level 1 in Fire Magic
  1701 | D:3      | Reached skill level 1 in Ice Magic
  1701 | D:3      | Reached skill level 1 in Air Magic
  1701 | D:3      | Reached skill level 1 in Earth Magic
  1701 | D:3      | Reached skill level 1 in Poison Magic
  2113 | D:3      | Found a snail-covered altar of Cheibriados.
  2226 | D:3      | Found an ancient bone altar of Kikubaaqudgha.
  2546 | D:4      | Reached XP level 5. HP: 46/47 MP: 5/7
  2985 | D:4      | Identified the amulet "Voiteik" {Reflect rF++ Int+4 SH+5}
  3183 | D:4      | Found a bloodstained altar of Trog.
  3263 | D:4      | Noticed a +0 spear
  3265 | D:4      | Noticed a +0 short sword
  3384 | D:4      | Noticed a +0 dagger
  3384 | D:4      | Noticed a +0 falchion
  3524 | D:4      | Noticed a +0 falchion
  3525 | D:4      | Noticed a +0 dagger
  3525 | D:4      | Noticed a +0 spear
  3528 | D:4      | Noticed a +0 short sword
  3668 | D:4      | Found a hide-covered altar of Uskayaw.
  3962 | D:5      | Entered Level 5 of the Dungeon
  3962 | D:5      | Noticed a wyvern
  3968 | D:5      | Killed a wyvern
  3969 | D:5      | Reached skill level 5 in Axes
  3969 | D:5      | Reached XP level 6. HP: 45/53 MP: 7/9
  4012 | D:5      | You fall into a shaft and drop 1 floor!
  4165 | D:6      | Noticed Menkaure
  4174 | D:6      | Killed Menkaure
  4175 | D:6      | Reached XP level 7. HP: 4/60 MP: 10/10
  4672 | D:6      | Found Kuinuish's Magic Scroll Shop.
  5905 | D:6      | Found a staircase to the Ecumenical Temple.
  5933 | Temple   | Entered the Ecumenical Temple
  6051 | Temple   | Became a worshipper of Hepliaklqana the Forgotten
  6326 | D:6      | Found a blossoming altar of Fedhas.
  6532 | D:7      | Reached XP level 8. HP: 61/67 MP: 12/12
  6755 | D:7      | HP: 1/94 [wight/+3 scimitar (10)]
  7343 | D:7      | Found a glowing silver altar of Zin.
  7344 | D:7      | Found a glowing golden altar of the Shining One.
  7362 | D:7      | Reached XP level 9. HP: 29/73 MP: 14/14
  7686 | D:8      | Gained mutation: You are partially covered in iridescent
                  | scales. (AC +2) [potion of mutation]
  7686 | D:8      | Gained mutation: You are frail. (-10% HP) [potion of
                  | mutation]
  7686 | D:8      | Gained mutation: Your flesh is cold resistant. (rC+)
                  | [potion of mutation]
  7839 | D:8      | Noticed a death yak
  7845 | D:8      | Noticed a death yak
  7848 | D:8      | Noticed a death yak
  7852 | D:8      | Mangled by a death yak

Illustrated notes

Levels and vault maps discovered:
D:1:      minmay_arrival_split_and_join, layout_basic,
          hellmonk_ecumenical_altar_heavens_door, wad_floor_pattern_untrapped
D:2:      layout_rooms, serial_shops, nicolae_shop_stone, minmay_tromino_v4_a
D:3:      layout_loops_ring, mainiacjoe_overflow_paths,
          lemuel_zombie_altar_kikubaaqudgha
D:4:      layout_loops_corners, trog_book, nicolae_uskayaw_en_pointe
D:5:      layout_basic, grunt_ministairs_1, dreamdust_mushroom_princess,
          nicolae_zen_rock_garden
D:6:      layout_cave_pools, general_overflow_altar,
          minmay_temple_entry_offerings, serial_shops,
          nicolae_shop_advertising_works [nicolae_subvault_shop_adworks],
          serial_column_ruins, column_ruins_hut, column_ruins_square_medium,
          column_ruins_columns_straight, column_ruins_grid_1,
          column_ruins_grid_2, column_ruins_corridor_dead_end,
          column_ruins_columns_corner, uniq_menkaure
D:7:      layout_loops_ring, gammafunk_temple_overflow_statue,
          grunt_decor_one_mirror
D:8:      layout_rooms, vehumet_altar_wand_db,
          mainiacjoe_overflow_surrounded_room, mainiacjoe_overflow_big_doors,
          dpeg_lair_monsters, uniq_maurice, uniq_grum
Temple:   nicolae_temple_superstar

Skill      XL: |  1  2  3  4  5  6  7  8  9 |
---------------+----------------------------+-----
Invocations    | 1 2 3 4 |  4.4
Short Blades   | 1 2 3 4 |  4.0
Long Blades    | 1 2 3 4 |  4.0
Maces & Flails | 1 2 3 4 |  4.0
Polearms       | 1 2 3 4 |  4.0
Staves         | 1 2 3 4 |  4.0
Ranged Weapons | 1 2 3 4 |  4.0
Throwing       | 1 2 3 4 |  4.0
Dodging        | 1 2 3 4 |  4.0
Stealth        | 1 2 3 4 |  4.0
Unarmed Combat | 1 2 3 4 |  4.0
Spellcasting   | 1 2 3 4 |  4.0
Evocations     | 1 2 3 4 |  4.0
Conjurations   | 1 2 3 |  3.3
Hexes          | 1 2 3 |  3.3
Summonings     | 1 2 3 |  3.3
Necromancy     | 1 2 3 |  3.3
Translocations | 1 2 3 |  3.3
Transmutations | 1 2 3 |  3.3
Fire Magic     | 1 2 3 |  3.3
Ice Magic      | 1 2 3 |  3.3
Air Magic      | 1 2 3 |  3.3
Earth Magic    | 1 2 3 |  3.3
Poison Magic   | 1 2 3 |  3.3
Axes           | 5 6 |  6.1
Fighting       | 7 |  7.7
Armour         | 7 |  7.7
Shields        | 7 |  7.7

Action                   |  1- 3 |  4- 6 |  7- 9 || total
-------------------------+-------+-------+-------++-------
Melee: War axe           |   106 |   134 |       ||   240
       Bite              |    11 |    13 |    30 ||    54
       Morningstar       |       |    46 |   177 ||   223
  Use: Potion            |       |     2 |     3 ||     5
       Scroll            |       |       |    15 ||    15
Armor: Scale mail        |    50 |    78 |    65 ||   193
Dodge: Dodged            |    32 |    65 |    71 ||   168
Block: Buckler           |    27 |    71 |   110 ||   208
       Reflection        |       |       |     4 ||     4
